WCHLSIM.com - West Coast Hockey League
html PUBLIC "-//W3C//DTD XHTML 1.0 Transitional//EN" "http://www.w3.org/TR/xhtml1/DTD/xhtml1-transitional.dtd"> WCHL - Game 93 - SALEM BLACK JAYS vs ANAHEIM OUTLAWS

SALEM BLACK JAYS vs ANAHEIM OUTLAWS

Created - 25 octobre 2022 at 21:11

Goals
1 2 3 T
SALEM BLACK JAYS 1 1 0 2
ANAHEIM OUTLAWS 1 2 2 5
Shots
1 2 3 T
SALEM BLACK JAYS 9 12 10 31
ANAHEIM OUTLAWS 8 13 12 33

1st period

1. ANAHEIM OUTLAWS , Noah Hanifin 1 (Jeff Skinner 5, Sam Bennett 7) at 13:50 (PP)
2. SALEM BLACK JAYS , Mikko Rantanen 4 (Scott Mayfield 2) at 16:38

Penalties :
Nick Jensen (SAL) for Hooking (Minor) at 8:23, Martin Necas (SAL) for Holding Stick (Minor) at 13:13

2nd period

3. ANAHEIM OUTLAWS , Michael Bunting 3 (Sam Bennett 8) at 13:04
4. ANAHEIM OUTLAWS , Kevin Fiala 5 (Adrian Kempe 4, Evgeny Kuznetsov 9) at 13:56
5. SALEM BLACK JAYS , Mikko Rantanen 5 (Urho Vaakanainen 2, Mitchell Marner 5) at 16:09

Penalties :
Henri Jokiharju (ANA) for High sticking (Minor) at 2:02, Henri Jokiharju (ANA) for Cross-checking (Minor) at 5:28, Jeff Skinner (ANA) for Tripping (Minor) at 17:00, Michael Del Zotto (SAL) for Tripping (Minor) at 17:00

3rd period

6. ANAHEIM OUTLAWS , Evgeny Kuznetsov 4 (Kevin Fiala 6, Noah Hanifin 4) at 1:39
7. ANAHEIM OUTLAWS , Pierre Engvall 3 (Pius Suter 4, Jack Quinn 3) at 16:00

Penalties :
Dylan Coghlan (ANA) for Hooking (Minor) at 4:17

Goalie Stats

Anthony Stolarz (SAL), 10 saves from 11 shots - (0,909), 18:21 minutes
Juuse Saros (SAL), 18 saves from 22 shots - (0,818), L, 2-2-2, 41:39 minutes
Robin Lehner (ANA), 29 saves from 31 shots - (0,935), W, 5-1-1, 60:00 minutes

Players Stats for SALEM BLACK JAYS

Player Name              G  A  P  +/- PIM S  H  SB GA TA FO     MP     PP MP  PK MP  
------------------------------------------------------------------------------------
Brian Boyle              0  0  0  -1  0   1  2  0  0  0  2/4    13:05   0:00   1:06 
Cody Ceci                0  0  0   0  0   0  0  2  0  0  0/0    19:37   0:00   1:21 
Daniel Sprong            0  0  0   0  0   2  0  0  0  0  0/1     7:05   0:00   1:04 
Dylan Cozens             0  0  0   0  0   1  0  0  0  0  5/10    7:05   0:00   0:00 
Dylan Larkin             0  0  0  -2  0   2  1  0  0  0  16/27  20:12   3:17   0:00 
Evgeny Dadonov           0  0  0  -2  0   2  1  0  0  0  0/1    18:21   2:40   0:00 
Filip Chytil             0  0  0   0  0   0  0  0  0  0  0/0     6:01   0:00   0:00 
Joshua Morrissey         0  0  0  -1  0   0  2  3  0  0  0/0    24:03   3:07   0:59 
Martin Necas             0  0  0  -2  2   3  2  1  0  0  1/3    15:40   0:00   0:00 
Mathew Barzal            0  0  0   1  0   3  2  0  0  0  7/25   19:12   2:40   0:00 
Michael Del Zotto        0  0  0  -1  2   0  0  0  0  0  0/0    19:05   2:50   0:00 
Mikko Rantanen           2  0  2   1  0   5  3  0  0  0  0/1    20:22   3:17   0:04 
Mitchell Marner          0  1  1   1  0   6  2  0  0  0  0/1    21:17   3:17   2:06 
Nick Jensen              0  0  0  -1  2   0  2  1  0  0  0/0    17:27   0:00   0:33 
Scott Mayfield           0  1  1   0  0   0  0  2  0  0  0/0    19:29   3:07   1:08 
Theodor Blueger          0  0  0  -1  0   1  3  1  0  0  6/12   13:29   0:00   1:56 
Troy Terry               0  0  0  -1  0   3  1  0  0  0  1/5    14:39   2:40   0:00 
Urho Vaakanainen         0  1  1  -1  0   2  0  3  0  0  0/0    19:13   2:50   0:07 

Players Stats for ANAHEIM OUTLAWS

Player Name              G  A  P  +/- PIM S  H  SB GA TA FO     MP     PP MP  PK MP  
------------------------------------------------------------------------------------
Adrian Kempe             0  1  1   2  0   1  3  0  0  0  0/1    23:28   1:42   3:03 
Drew Doughty             0  0  0   0  0   1  0  3  0  0  0/0    26:25   1:42   4:12 
Dylan Coghlan            0  0  0   0  2   1  0  0  0  0  0/0    13:52   0:00   0:59 
Evgeny Kuznetsov         1  1  2   2  0   4  3  0  0  0  17/27  20:34   1:42   0:00 
Henri Jokiharju          0  0  0   2  4   0  1  0  0  0  0/0    19:40   0:54   0:46 
Jack Quinn               0  1  1  -1  0   0  0  0  0  0  0/0    12:34   0:00   0:00 
Jeff Skinner             0  1  1   1  2   2  0  0  0  0  0/0    15:36   0:54   0:00 
Kent Johnson             0  0  0   0  0   0  0  0  0  0  0/1     4:23   0:00   0:00 
Kevin Fiala              1  1  2   2  0   5  0  1  0  0  3/8    22:39   1:42   3:09 
Michael Bunting          1  0  1   1  0   4  2  0  0  0  0/1    19:35   0:54   2:54 
Michael Rasmussen        0  0  0   0  0   0  0  0  0  0  3/5     4:23   0:00   0:00 
Morgan Rielly            0  0  0   0  0   1  1  0  0  0  0/0    25:53   1:42   3:40 
Noah Hanifin             1  1  2   2  0   1  1  0  0  0  0/0    21:13   0:54   2:17 
Pierre Engvall           1  0  1  -1  0   9  1  0  0  0  0/1    12:34   0:00   0:00 
Pius Suter               0  1  1  -1  0   1  0  0  0  0  12/16  12:34   0:00   0:00 
Sam Bennett              0  2  2   1  0   3  3  0  0  0  17/29  19:20   0:54   2:48 
Thomas Hickey            0  0  0   0  0   0  1  1  0  0  0/0    12:54   0:00   0:00 
Zack MacEwen             0  0  0   0  0   0  2  0  0  0  0/1     4:23   0:00   0:00 

3 Stars

1 - Evgeny Kuznetsov (ANA)
2 - Noah Hanifin (ANA)
3 - Kevin Fiala (ANA)

Power Play

SALEM BLACK JAYS - 0 on 3 Attempt(s) - 0,00%
ANAHEIM OUTLAWS - 1 on 2 Attempt(s) - 50,00%

Penalty Kill

SALEM BLACK JAYS - 1 on 2 Attempt(s) - 50,00% - Score 0 goal in Penalty Kill
ANAHEIM OUTLAWS - 3 on 3 Attempt(s) - 100,00% - Score 0 goal in Penalty Kill

Team Stat

SALEM BLACK JAYS - Hits : 21 - Faceoff Wins : 38 - Blocked Shots : 13 - Penalty Minutes : 6
ANAHEIM OUTLAWS - Hits : 18 - Faceoff Wins : 52 - Blocked Shots : 5 - Penalty Minutes : 8

Official

Referees : Dave Lewis and Beaudry Halkidis
Linesman : Brandon Gawryletz and Brad Kovachik

Game Notes

Anthony Stolarz enters game at 1:39 of 3rd period

Finance

Level 1 -- Attendance: 3974 (61,14%) -- Ticket Income 774 930 $
Level 2 -- Attendance: 3499 (63,62%) -- Ticket Income 454 870 $
Level 3 -- Attendance: 1748 (69,92%) -- Ticket Income 157 320 $
Level 4 -- Attendance: 3339 (66,78%) -- Ticket Income 250 425 $
Luxury Box -- Attendance: 657 (65,70%) -- Ticket Income 262 800 $
Game was played at the Bouch Garden.
Total Attendance: 13217 (64,47%)
Total Ticket Income: 1 900 345 $
Other Expense: 19 003 $
Total Income: 1 881 342 $

SALEM BLACK JAYS

5 vs 5 Forward 
   Center                   Left Wing                Right Wing               Time % Phy DF OF 
 1 Mathew Barzal            Mikko Rantanen           Mitchell Marner          33     1   1  3  
 2 Dylan Larkin             Evgeny Dadonov           Martin Necas             32     1   1  3  
 3 Theodor Blueger          Brian Boyle              Troy Terry               25     1   2  2  
 4 Dylan Cozens             Daniel Sprong            Filip Chytil             10     1   2  2  

5 vs 5 Defense 
   Defense                  Defense                                           Time % Phy DF OF 
 1 Joshua Morrissey         Nick Jensen                                       36     1   2  2  
 2 Scott Mayfield           Cody Ceci                                         31     1   2  2  
 3 Urho Vaakanainen         Michael Del Zotto                                 23     1   3  1  
 4 Cody Ceci                Joshua Morrissey                                  10     1   1  3  

PowerPlay Forward 
   Center                   Left Wing                Right Wing               Time % Phy DF OF 
 1 Dylan Larkin             Mikko Rantanen           Mitchell Marner          55     1   0  4  
 2 Mathew Barzal            Evgeny Dadonov           Troy Terry               45     1   0  4  

PowerPlay Defense
   Defense                  Defense                                           Time % Phy DF OF 
 1 Joshua Morrissey         Scott Mayfield                                    55     1   1  3  
 2 Michael Del Zotto        Urho Vaakanainen                                  45     1   1  3  

Penalty Kill 4 Players Forward 
   Center                   Wing                     Time % Phy DF OF 
 1 Brian Boyle              Martin Necas             55     1   4  0  
 2 Theodor Blueger          Evgeny Dadonov           45     1   4  0  

Penalty Kill 4 Players Defense
   Defense                  Defense                  Time % Phy DF OF 
 1 Cody Ceci                Nick Jensen              55     1   4  0  
 2 Scott Mayfield           Joshua Morrissey         45     1   4  0  

Penalty Kill - 3 Players Forward 
   Forward                                           Time % Phy DF OF 
 1 Martin Necas                                      55     1   4  0  
 2 Theodor Blueger                                   45     1   4  0  

Penalty Kill - 3 Players Defense
   Defense                  Defense                  Time % Phy DF OF 
 1 Cody Ceci                Nick Jensen              55     1   4  0  
 2 Scott Mayfield           Joshua Morrissey         45     1   4  0  

4 vs 4 Forward 
   Center                   Wing                     Time % Phy DF OF 
 1 Dylan Larkin             Mikko Rantanen           55     1   2  2  
 2 Mathew Barzal            Mitchell Marner          45     1   2  2  

4 vs 4 Defense
   Defense                  Defense                  Time % Phy DF OF 
 1 Joshua Morrissey         Cody Ceci                55     1   2  2  
 2 Nick Jensen              Scott Mayfield           45     1   2  2  

Last Minutes Offensive
   Center                   Left Wing                Right Wing               Defense                  Defense                  
   Dylan Larkin             Mikko Rantanen           Mitchell Marner          Joshua Morrissey         Michael Del Zotto        

Last Minutes Defensive
   Center                   Left Wing                Right Wing               Defense                  Defense                  
   Dylan Larkin             Mikko Rantanen           Mitchell Marner          Joshua Morrissey         Michael Del Zotto        

Goaltenders
Starting : Juuse Saros              
Backup : Anthony Stolarz          

Extra Forwards
Normal : Martin Necas, Brian Boyle, Dylan Cozens - PP : Martin Necas, Theodor Blueger - PK : Mitchell Marner
Extra Defensemen
Normal : Cody Ceci, Nick Jensen, Joshua Morrissey - PP : Nick Jensen - PK : Urho Vaakanainen, Michael Del Zotto
Penalty Shots
Mikko Rantanen, Mitchell Marner, Dylan Larkin, Troy Terry, Mathew Barzal
Custom OT Lines Forwards
Dylan Larkin, Mitchell Marner, Mikko Rantanen, Troy Terry, Mathew Barzal, Martin Necas, Evgeny Dadonov, Dylan Cozens, Theodor Blueger, Brian Boyle
Custom OT Lines Defensemen
Joshua Morrissey, Michael Del Zotto, Nick Jensen, Cody Ceci, Scott Mayfield

Scratches
None

ANAHEIM OUTLAWS

5 vs 5 Forward 
   Center                   Left Wing                Right Wing               Time % Phy DF OF 
 1 Evgeny Kuznetsov         Kevin Fiala              Adrian Kempe             36     1   2  2  
 2 Sam Bennett              Jeff Skinner             Michael Bunting          31     1   2  2  
 3 Pius Suter               Jack Quinn               Pierre Engvall           23     1   2  2  
 4 Michael Rasmussen        Kent Johnson             Zack MacEwen             10     1   2  2  

5 vs 5 Defense 
   Defense                  Defense                                           Time % Phy DF OF 
 1 Morgan Rielly            Drew Doughty                                      36     1   2  2  
 2 Noah Hanifin             Henri Jokiharju                                   31     1   2  2  
 3 Thomas Hickey            Dylan Coghlan                                     23     1   2  2  
 4 Morgan Rielly            Drew Doughty                                      10     1   2  2  

PowerPlay Forward 
   Center                   Left Wing                Right Wing               Time % Phy DF OF 
 1 Evgeny Kuznetsov         Kevin Fiala              Adrian Kempe             55     1   2  2  
 2 Sam Bennett              Jeff Skinner             Michael Bunting          45     1   2  2  

PowerPlay Defense
   Defense                  Defense                                           Time % Phy DF OF 
 1 Morgan Rielly            Drew Doughty                                      55     1   2  2  
 2 Noah Hanifin             Henri Jokiharju                                   45     1   2  2  

Penalty Kill 4 Players Forward 
   Center                   Wing                     Time % Phy DF OF 
 1 Kevin Fiala              Michael Bunting          55     1   2  2  
 2 Sam Bennett              Adrian Kempe             45     1   2  2  

Penalty Kill 4 Players Defense
   Defense                  Defense                  Time % Phy DF OF 
 1 Morgan Rielly            Drew Doughty             55     1   2  2  
 2 Noah Hanifin             Henri Jokiharju          45     1   2  2  

Penalty Kill - 3 Players Forward 
   Forward                                           Time % Phy DF OF 
 1 Adrian Kempe                                      55     1   2  2  
 2 Sam Bennett                                       45     1   2  2  

Penalty Kill - 3 Players Defense
   Defense                  Defense                  Time % Phy DF OF 
 1 Morgan Rielly            Drew Doughty             55     1   2  2  
 2 Noah Hanifin             Henri Jokiharju          45     1   2  2  

4 vs 4 Forward 
   Center                   Wing                     Time % Phy DF OF 
 1 Evgeny Kuznetsov         Michael Bunting          55     1   2  2  
 2 Sam Bennett              Adrian Kempe             45     1   2  2  

4 vs 4 Defense
   Defense                  Defense                  Time % Phy DF OF 
 1 Morgan Rielly            Drew Doughty             55     1   2  2  
 2 Noah Hanifin             Henri Jokiharju          45     1   2  2  

Last Minutes Offensive
   Center                   Left Wing                Right Wing               Defense                  Defense                  
   Evgeny Kuznetsov         Jeff Skinner             Adrian Kempe             Morgan Rielly            Drew Doughty             

Last Minutes Defensive
   Center                   Left Wing                Right Wing               Defense                  Defense                  
   Sam Bennett              Kevin Fiala              Adrian Kempe             Morgan Rielly            Drew Doughty             

Goaltenders
Starting : Robin Lehner             
Backup : Mackenzie Blackwood      

Extra Forwards
Normal : Michael Rasmussen, Kent Johnson, Jeff Skinner - PP : Michael Rasmussen, Kent Johnson - PK : Jeff Skinner
Extra Defensemen
Normal : Drew Doughty, Dylan Coghlan, Noah Hanifin - PP : Morgan Rielly - PK : Dylan Coghlan, Noah Hanifin
Penalty Shots
Evgeny Kuznetsov, Kevin Fiala, Sam Bennett, Adrian Kempe, Michael Bunting
Custom OT Lines Forwards
Evgeny Kuznetsov, Kevin Fiala, Sam Bennett, Adrian Kempe, Michael Bunting, Jeff Skinner, Pius Suter, Pierre Engvall, Michael Rasmussen, Jack Quinn
Custom OT Lines Defensemen
Morgan Rielly, Drew Doughty, Noah Hanifin, Henri Jokiharju, Dylan Coghlan

Scratches
Rocco Grimaldi (Healthy), Haydn Fleury (Torn Left MCL Injury)

% Time on Ice - SALEM BLACK JAYS

Lines # - Real PCT - Wanted PCT - Time Play
Normal Forward
1 - 32% - 33% - 15:47
2 - 32% - 32% - 15:41
3 - 24% - 25% - 11:59
4 - 12% - 10% - 6:01
Normal Defense
1 - 32% - 36% - 15:50
2 - 29% - 31% - 14:09
3 - 33% - 23% - 16:16
4 - 7% - 10% - 3:13
PP Forward
1 - 55% - 55% - 3:17
2 - 45% - 45% - 2:40
PP Defense
1 - 52% - 55% - 3:07
2 - 48% - 45% - 2:50
PK Forward
1 - 67% - 55% - 1:44
2 - 33% - 45% - 0:52
PK Defense
1 - 56% - 55% - 1:28
2 - 44% - 45% - 1:08
PK3 Forward
1 - 0% - 55%
2 - 0% - 45%
PK3 Defense
1 - 0% - 55%
2 - 0% - 45%
44 Forward
1 - 62% - 55% - 1:14
2 - 38% - 45% - 0:45
44 Defense
1 - 45% - 55% - 0:54
2 - 55% - 45% - 1:05
Last Minute Offensive  - 0:00
Last Minute Defensive  - 0:00
Total
Forward - 60:00
Defense - 60:00

% Time on Ice - ANAHEIM OUTLAWS

Lines # - Real PCT - Wanted PCT - Time Play
Normal Forward
1 - 36% - 36% - 17:48
2 - 30% - 31% - 14:43
3 - 25% - 23% - 12:34
4 - 9% - 10% - 4:23
Normal Defense
1 - 36% - 36% - 17:46
2 - 34% - 31% - 16:47
3 - 26% - 23% - 12:54
4 - 4% - 10% - 2:01
PP Forward
1 - 65% - 55% - 1:42
2 - 35% - 45% - 0:54
PP Defense
1 - 65% - 55% - 1:42
2 - 35% - 45% - 0:54
PK Forward
1 - 53% - 55% - 3:09
2 - 47% - 45% - 2:48
PK Defense
1 - 62% - 55% - 3:40
2 - 38% - 45% - 2:17
PK3 Forward
1 - 0% - 55%
2 - 0% - 45%
PK3 Defense
1 - 0% - 55%
2 - 0% - 45%
44 Forward
1 - 54% - 55% - 1:04
2 - 46% - 45% - 0:55
44 Defense
1 - 37% - 55% - 0:44
2 - 63% - 45% - 1:15
Last Minute Offensive  - 0:00
Last Minute Defensive  - 0:00
Total
Forward - 60:00
Defense - 60:00

Play-by-Play

1st period


0:01 of 1st period - Evgeny Kuznetsov wins face-off versus Mathew Barzal in neutral zone.
0:33 of 1st period - Shot by Kevin Fiala.
0:33 of 1st period - Shot Misses the Net.
0:35 of 1st period - Shot by Drew Doughty.
0:35 of 1st period - Shot Misses the Net.
0:37 of 1st period - Shot by Evgeny Kuznetsov.
0:37 of 1st period - Stopped by Juuse Saros without a rebound.
0:38 of 1st period - Dylan Larkin wins face-off versus Sam Bennett in SALEM BLACK JAYS zone.
0:56 of 1st period - Shot by Dylan Larkin.
0:56 of 1st period - Stopped by Robin Lehner without a rebound.
0:57 of 1st period - Pius Suter wins face-off versus Theodor Blueger in ANAHEIM OUTLAWS zone.
1:21 of 1st period - Shot by Pierre Engvall.
1:21 of 1st period - Shot Blocked by Urho Vaakanainen.
1:23 of 1st period - Shot by Dylan Coghlan.
1:23 of 1st period - Stopped by Juuse Saros without a rebound.
1:24 of 1st period - Michael Rasmussen wins face-off versus Dylan Cozens in SALEM BLACK JAYS zone.
1:25 of 1st period - Shot by Morgan Rielly.
1:25 of 1st period - Shot Blocked by Joshua Morrissey.
1:30 of 1st period - Off-side.
1:31 of 1st period - Sam Bennett wins face-off versus Dylan Larkin in neutral zone.
1:42 of 1st period - Shot by Sam Bennett.
1:42 of 1st period - Shot Misses the Net.
2:40 of 1st period - Shot by Mitchell Marner.
2:40 of 1st period - Deflect By Mikko Rantanen.
2:40 of 1st period - Stopped by Robin Lehner without a rebound.
2:41 of 1st period - Pius Suter wins face-off versus Brian Boyle in ANAHEIM OUTLAWS zone.
2:41 of 1st period - Pierre Engvall is hit by Theodor Blueger and loses puck.
3:18 of 1st period - Shot by Theodor Blueger.
3:18 of 1st period - Stopped by Robin Lehner with a rebound.
3:20 of 1st period - Shot by Urho Vaakanainen.
3:20 of 1st period - Stopped by Robin Lehner with a rebound.
3:34 of 1st period - Icing by Mikko Rantanen.
3:35 of 1st period - Evgeny Kuznetsov wins face-off versus Mathew Barzal in SALEM BLACK JAYS zone.
4:10 of 1st period - Shot by Mitchell Marner.
4:10 of 1st period - Shot Misses the Net.
4:22 of 1st period - Icing by Joshua Morrissey.
4:23 of 1st period - Mathew Barzal wins face-off versus Zack MacEwen in SALEM BLACK JAYS zone.
4:23 of 1st period - Mathew Barzal is hit by Zack MacEwen.
5:20 of 1st period - Icing by Cody Ceci.
5:21 of 1st period - Dylan Cozens wins face-off versus Sam Bennett in SALEM BLACK JAYS zone.
6:32 of 1st period - Urho Vaakanainen is hit by Adrian Kempe and loses puck.
7:13 of 1st period - Icing by Michael Del Zotto.
7:14 of 1st period - Dylan Larkin wins face-off versus Pierre Engvall in SALEM BLACK JAYS zone.
7:23 of 1st period - Michael Del Zotto is hit by Pierre Engvall and loses puck.
8:23 of 1st period - Minor Penalty to Nick Jensen for Hooking.
8:24 of 1st period - Brian Boyle wins face-off versus Evgeny Kuznetsov in SALEM BLACK JAYS zone.
9:05 of 1st period - Adrian Kempe is hit by Theodor Blueger and loses puck.
10:30 of 1st period - Shot by Pierre Engvall.
10:30 of 1st period - Stopped by Juuse Saros without a rebound.
10:31 of 1st period - Michael Rasmussen wins face-off versus Mathew Barzal in SALEM BLACK JAYS zone.
10:31 of 1st period - Zack MacEwen is hit by Nick Jensen and loses puck.
11:00 of 1st period - Shot by Mathew Barzal.
11:00 of 1st period - Stopped by Robin Lehner without a rebound.
11:01 of 1st period - Pius Suter wins face-off versus Dylan Cozens in ANAHEIM OUTLAWS zone.
11:01 of 1st period - Pius Suter is hit by Brian Boyle.
11:10 of 1st period - Shot by Noah Hanifin.
11:10 of 1st period - Shot Misses the Net.
11:26 of 1st period - Shot by Pierre Engvall.
11:26 of 1st period - Stopped by Juuse Saros without a rebound.
11:27 of 1st period - Evgeny Kuznetsov wins face-off versus Mathew Barzal in SALEM BLACK JAYS zone.
11:55 of 1st period - Shot by Mikko Rantanen.
11:55 of 1st period - Shot Misses the Net.
11:57 of 1st period - Shot by Mitchell Marner.
11:57 of 1st period - Shot Misses the Net.
12:05 of 1st period - Shot by Mitchell Marner.
12:05 of 1st period - Stopped by Robin Lehner without a rebound.
12:06 of 1st period - Sam Bennett wins face-off versus Dylan Larkin in ANAHEIM OUTLAWS zone.
12:06 of 1st period - Sam Bennett is hit by Martin Necas.
12:58 of 1st period - Icing by Cody Ceci.
12:59 of 1st period - Dylan Larkin wins face-off versus Adrian Kempe in SALEM BLACK JAYS zone.
13:13 of 1st period - Minor Penalty to Martin Necas for Holding Stick.
13:14 of 1st period - Brian Boyle wins face-off versus Evgeny Kuznetsov in SALEM BLACK JAYS zone.
13:14 of 1st period - Brian Boyle is hit by Adrian Kempe.
13:46 of 1st period - Shot by Morgan Rielly.
13:46 of 1st period - Stopped by Juuse Saros without a rebound.
13:47 of 1st period - Sam Bennett wins face-off versus Brian Boyle in SALEM BLACK JAYS zone.
13:48 of 1st period - Shot by Jeff Skinner.
13:48 of 1st period - Shot Blocked by Joshua Morrissey.
13:50 of 1st period - Shot by Noah Hanifin.
13:50 of 1st period - Goal by Noah Hanifin - SALEM BLACK JAYS : 0 - ANAHEIM OUTLAWS : 1.
13:51 of 1st period - Sam Bennett wins face-off versus Dylan Cozens in neutral zone.
14:06 of 1st period - Shot by Michael Bunting.
14:06 of 1st period - Shot Misses the Net.
14:08 of 1st period - Shot by Sam Bennett.
14:08 of 1st period - Shot Misses the Net.
14:31 of 1st period - Shot by Sam Bennett.
14:31 of 1st period - Stopped by Juuse Saros without a rebound.
14:32 of 1st period - Evgeny Kuznetsov wins face-off versus Troy Terry in SALEM BLACK JAYS zone.
15:22 of 1st period - Icing by Nick Jensen.
15:23 of 1st period - Sam Bennett wins face-off versus Theodor Blueger in SALEM BLACK JAYS zone.
15:23 of 1st period - Jeff Skinner is hit by Nick Jensen and loses puck.
15:27 of 1st period - Michael Bunting is hit by Joshua Morrissey and loses puck.
15:31 of 1st period - Jeff Skinner is hit by Joshua Morrissey and loses puck.
15:40 of 1st period - Troy Terry is hit by Sam Bennett and loses puck.
15:53 of 1st period - Shot by Sam Bennett.
15:53 of 1st period - Shot Misses the Net.
15:59 of 1st period - Shot by Jeff Skinner.
15:59 of 1st period - Stopped by Juuse Saros with a rebound.
16:16 of 1st period - Icing by Nick Jensen.
16:17 of 1st period - Theodor Blueger wins face-off versus Pius Suter in SALEM BLACK JAYS zone.
16:38 of 1st period - Shot by Mikko Rantanen.
16:38 of 1st period - Goal by Mikko Rantanen - SALEM BLACK JAYS : 1 - ANAHEIM OUTLAWS : 1.
16:39 of 1st period - Dylan Larkin wins face-off versus Evgeny Kuznetsov in neutral zone.
17:22 of 1st period - Shot by Martin Necas.
17:22 of 1st period - Stopped by Robin Lehner without a rebound.
17:23 of 1st period - Pius Suter wins face-off versus Mathew Barzal in ANAHEIM OUTLAWS zone.
17:38 of 1st period - Off-side.
17:39 of 1st period - Dylan Cozens wins face-off versus Sam Bennett in neutral zone.
18:11 of 1st period - Shot by Dylan Cozens.
18:11 of 1st period - Deflect By Daniel Sprong.
18:11 of 1st period - Stopped by Robin Lehner without a rebound.
18:12 of 1st period - Evgeny Kuznetsov wins face-off versus Mathew Barzal in ANAHEIM OUTLAWS zone.
18:12 of 1st period - Evgeny Kuznetsov is hit by Mathew Barzal.
18:24 of 1st period - Shot by Mitchell Marner.
18:24 of 1st period - Shot Blocked by Drew Doughty.
19:07 of 1st period - Icing by Mitchell Marner.
19:08 of 1st period - Pius Suter wins face-off versus Mathew Barzal in SALEM BLACK JAYS zone.
19:56 of 1st period - Icing by Noah Hanifin.
19:57 of 1st period - Pius Suter wins face-off versus Dylan Larkin in ANAHEIM OUTLAWS zone.
Goals for this period are 1 for SALEM BLACK JAYS vs 1 for ANAHEIM OUTLAWS.
Shots for this period are 9 for SALEM BLACK JAYS vs 8 for ANAHEIM OUTLAWS.

2nd period


0:01 of 2nd period - Mathew Barzal wins face-off versus Evgeny Kuznetsov in neutral zone.
0:04 of 2nd period - Shot by Mikko Rantanen.
0:04 of 2nd period - Deflect By Mitchell Marner.
0:04 of 2nd period - Shot Blocked by Kevin Fiala.
0:15 of 2nd period - Mikko Rantanen is hit by Evgeny Kuznetsov and loses puck.
1:20 of 2nd period - Icing by Sam Bennett.
1:21 of 2nd period - Sam Bennett wins face-off versus Dylan Larkin in ANAHEIM OUTLAWS zone.
1:59 of 2nd period - Martin Necas is hit by Zack MacEwen.
2:02 of 2nd period - Minor Penalty to Henri Jokiharju for High sticking.
2:03 of 2nd period - Kevin Fiala wins face-off versus Mathew Barzal in ANAHEIM OUTLAWS zone.
2:22 of 2nd period - Kevin Fiala is hit by Troy Terry and loses puck.
2:31 of 2nd period - Shot by Troy Terry.
2:31 of 2nd period - Stopped by Robin Lehner without a rebound.
2:32 of 2nd period - Sam Bennett wins face-off versus Mikko Rantanen in ANAHEIM OUTLAWS zone.
2:51 of 2nd period - Shot by Mitchell Marner.
2:51 of 2nd period - Stopped by Robin Lehner with a rebound.
2:53 of 2nd period - Shot by Mitchell Marner.
2:53 of 2nd period - Stopped by Robin Lehner without a rebound.
2:54 of 2nd period - Sam Bennett wins face-off versus Dylan Larkin in ANAHEIM OUTLAWS zone.
2:54 of 2nd period - Sam Bennett is hit by Mikko Rantanen.
3:24 of 2nd period - Shot by Mitchell Marner.
3:24 of 2nd period - Stopped by Robin Lehner without a rebound.
3:25 of 2nd period - Kevin Fiala wins face-off versus Mathew Barzal in ANAHEIM OUTLAWS zone.
3:41 of 2nd period - Icing by Troy Terry.
3:42 of 2nd period - Mathew Barzal wins face-off versus Kevin Fiala in SALEM BLACK JAYS zone.
3:46 of 2nd period - Off-side.
3:47 of 2nd period - Dylan Larkin wins face-off versus Kevin Fiala in neutral zone.
4:18 of 2nd period - Shot by Brian Boyle.
4:18 of 2nd period - Shot Misses the Net.
4:22 of 2nd period - Shot by Troy Terry.
4:22 of 2nd period - Shot Misses the Net.
4:24 of 2nd period - Shot by Urho Vaakanainen.
4:24 of 2nd period - Shot Blocked by Drew Doughty.
4:36 of 2nd period - Shot by Troy Terry.
4:36 of 2nd period - Stopped by Robin Lehner without a rebound.
4:37 of 2nd period - Evgeny Kuznetsov wins face-off versus Mathew Barzal in ANAHEIM OUTLAWS zone.
4:43 of 2nd period - Mikko Rantanen is hit by Adrian Kempe and loses puck.
4:53 of 2nd period - Icing by Henri Jokiharju.
4:54 of 2nd period - Evgeny Kuznetsov wins face-off versus Dylan Larkin in ANAHEIM OUTLAWS zone.
5:28 of 2nd period - Minor Penalty to Henri Jokiharju for Cross-checking.
5:29 of 2nd period - Dylan Larkin wins face-off versus Kevin Fiala in ANAHEIM OUTLAWS zone.
6:09 of 2nd period - Icing by Mikko Rantanen.
6:10 of 2nd period - Dylan Larkin wins face-off versus Sam Bennett in SALEM BLACK JAYS zone.
6:48 of 2nd period - Shot by Troy Terry.
6:48 of 2nd period - Shot Misses the Net.
6:50 of 2nd period - Shot by Scott Mayfield.
6:50 of 2nd period - Shot Misses the Net.
7:31 of 2nd period - Mikko Rantanen is hit by Noah Hanifin and loses puck.
7:39 of 2nd period - Off-side.
7:40 of 2nd period - Michael Rasmussen wins face-off versus Dylan Cozens in neutral zone.
8:11 of 2nd period - Shot by Michael Rasmussen.
8:11 of 2nd period - Shot Misses the Net.
8:29 of 2nd period - Shot by Pius Suter.
8:29 of 2nd period - Deflect By Jack Quinn.
8:29 of 2nd period - Shot Blocked by Scott Mayfield.
9:25 of 2nd period - Shot by Mikko Rantanen.
9:25 of 2nd period - Stopped by Robin Lehner without a rebound.
9:26 of 2nd period - Evgeny Kuznetsov wins face-off versus Troy Terry in ANAHEIM OUTLAWS zone.
9:26 of 2nd period - Evgeny Kuznetsov is hit by Brian Boyle.
9:32 of 2nd period - Icing by Drew Doughty.
9:33 of 2nd period - Evgeny Kuznetsov wins face-off versus Troy Terry in ANAHEIM OUTLAWS zone.
9:44 of 2nd period - Shot by Kevin Fiala.
9:44 of 2nd period - Shot Misses the Net.
9:46 of 2nd period - Shot by Kevin Fiala.
9:46 of 2nd period - Stopped by Juuse Saros without a rebound.
9:47 of 2nd period - Sam Bennett wins face-off versus Mathew Barzal in SALEM BLACK JAYS zone.
10:00 of 2nd period - Shot by Jeff Skinner.
10:00 of 2nd period - Stopped by Juuse Saros without a rebound.
10:01 of 2nd period - Evgeny Kuznetsov wins face-off versus Troy Terry in SALEM BLACK JAYS zone.
10:14 of 2nd period - Shot by Kevin Fiala.
10:14 of 2nd period - Stopped by Juuse Saros with a rebound.
10:22 of 2nd period - Shot by Evgeny Kuznetsov.
10:22 of 2nd period - Stopped by Juuse Saros without a rebound.
10:23 of 2nd period - Dylan Larkin wins face-off versus Sam Bennett in SALEM BLACK JAYS zone.
10:23 of 2nd period - Evgeny Dadonov is hit by Michael Bunting and loses puck.
11:06 of 2nd period - Off-side.
11:07 of 2nd period - Mathew Barzal wins face-off versus Evgeny Kuznetsov in neutral zone.
11:20 of 2nd period - Shot by Mitchell Marner.
11:20 of 2nd period - Stopped by Robin Lehner without a rebound.
11:21 of 2nd period - Pius Suter wins face-off versus Theodor Blueger in ANAHEIM OUTLAWS zone.
11:38 of 2nd period - Shot by Pius Suter.
11:38 of 2nd period - Shot Blocked by Theodor Blueger.
11:40 of 2nd period - Shot by Dylan Coghlan.
11:40 of 2nd period - Shot Blocked by Cody Ceci.
11:58 of 2nd period - Shot by Pierre Engvall.
11:58 of 2nd period - Stopped by Juuse Saros with a rebound.
12:00 of 2nd period - Shot by Dylan Coghlan.
12:00 of 2nd period - Shot Blocked by Cody Ceci.
12:17 of 2nd period - Off-side.
12:18 of 2nd period - Mathew Barzal wins face-off versus Sam Bennett in neutral zone.
12:26 of 2nd period - Off-side.
12:27 of 2nd period - Evgeny Kuznetsov wins face-off versus Mathew Barzal in neutral zone.
13:00 of 2nd period - Shot by Evgeny Kuznetsov.
13:00 of 2nd period - Stopped by Juuse Saros without a rebound.
13:01 of 2nd period - Sam Bennett wins face-off versus Dylan Larkin in SALEM BLACK JAYS zone.
13:04 of 2nd period - Shot by Michael Bunting.
13:04 of 2nd period - Goal by Michael Bunting - SALEM BLACK JAYS : 1 - ANAHEIM OUTLAWS : 2.
13:05 of 2nd period - Sam Bennett wins face-off versus Dylan Larkin in neutral zone.
13:15 of 2nd period - Shot by Martin Necas.
13:15 of 2nd period - Stopped by Robin Lehner without a rebound.
13:16 of 2nd period - Mathew Barzal wins face-off versus Evgeny Kuznetsov in ANAHEIM OUTLAWS zone.
13:18 of 2nd period - Mikko Rantanen is hit by Morgan Rielly and loses puck.
13:33 of 2nd period - Evgeny Kuznetsov is hit by Mikko Rantanen and loses puck.
13:52 of 2nd period - Shot by Evgeny Kuznetsov.
13:52 of 2nd period - Deflect By Adrian Kempe.
13:52 of 2nd period - Shot Blocked by Nick Jensen.
13:54 of 2nd period - Shot by Adrian Kempe.
13:54 of 2nd period - Shot Misses the Net.
13:56 of 2nd period - Shot by Kevin Fiala.
13:56 of 2nd period - Goal by Kevin Fiala - SALEM BLACK JAYS : 1 - ANAHEIM OUTLAWS : 3.
13:57 of 2nd period - Dylan Larkin wins face-off versus Sam Bennett in neutral zone.
14:05 of 2nd period - Icing by Sam Bennett.
14:06 of 2nd period - Sam Bennett wins face-off versus Martin Necas in ANAHEIM OUTLAWS zone.
14:06 of 2nd period - Jeff Skinner is hit by Martin Necas and loses puck.
15:27 of 2nd period - Shot by Brian Boyle.
15:27 of 2nd period - Stopped by Robin Lehner without a rebound.
15:28 of 2nd period - Pius Suter wins face-off versus Mathew Barzal in ANAHEIM OUTLAWS zone.
15:33 of 2nd period - Shot by Mitchell Marner.
15:33 of 2nd period - Shot Misses the Net.
15:35 of 2nd period - Shot by Mitchell Marner.
15:35 of 2nd period - Shot Hit the Post.
15:59 of 2nd period - Shot by Mitchell Marner.
15:59 of 2nd period - Shot Misses the Net.
16:01 of 2nd period - Shot by Mitchell Marner.
16:01 of 2nd period - Shot Misses the Net.
16:03 of 2nd period - Shot by Mitchell Marner.
16:03 of 2nd period - Shot Misses the Net.
16:05 of 2nd period - Shot by Urho Vaakanainen.
16:05 of 2nd period - Shot Misses the Net.
16:07 of 2nd period - Shot by Urho Vaakanainen.
16:07 of 2nd period - Stopped by Robin Lehner with a rebound.
16:09 of 2nd period - Shot by Mikko Rantanen.
16:09 of 2nd period - Goal by Mikko Rantanen - SALEM BLACK JAYS : 2 - ANAHEIM OUTLAWS : 3.
16:10 of 2nd period - Theodor Blueger wins face-off versus Evgeny Kuznetsov in neutral zone.
16:14 of 2nd period - Off-side.
16:15 of 2nd period - Evgeny Kuznetsov wins face-off versus Theodor Blueger in neutral zone.
16:35 of 2nd period - Shot by Adrian Kempe.
16:35 of 2nd period - Stopped by Juuse Saros with a rebound.
16:55 of 2nd period - Shot by Evgeny Kuznetsov.
16:55 of 2nd period - Deflect By Adrian Kempe.
16:55 of 2nd period - Shot Misses the Net.
16:57 of 2nd period - Shot by Adrian Kempe.
16:57 of 2nd period - Shot Misses the Net.
16:59 of 2nd period - Shot by Drew Doughty.
16:59 of 2nd period - Stopped by Juuse Saros without a rebound.
17:00 of 2nd period - Dylan Larkin wins face-off versus Sam Bennett in SALEM BLACK JAYS zone.
17:00 of 2nd period - Minor Penalty to Jeff Skinner for Tripping.
17:00 of 2nd period - Minor Penalty to Michael Del Zotto for Tripping.
17:01 of 2nd period - Evgeny Kuznetsov wins face-off versus Dylan Larkin in SALEM BLACK JAYS zone.
17:18 of 2nd period - Shot by Michael Bunting.
17:18 of 2nd period - Shot Blocked by Scott Mayfield.
17:20 of 2nd period - Shot by Michael Bunting.
17:20 of 2nd period - Stopped by Juuse Saros without a rebound.
17:21 of 2nd period - Dylan Larkin wins face-off versus Michael Bunting in SALEM BLACK JAYS zone.
18:34 of 2nd period - Shot by Sam Bennett.
18:34 of 2nd period - Stopped by Juuse Saros with a rebound.
18:54 of 2nd period - Adrian Kempe is hit by Mathew Barzal and loses puck.
19:08 of 2nd period - Icing by Theodor Blueger.
19:09 of 2nd period - Pius Suter wins face-off versus Theodor Blueger in SALEM BLACK JAYS zone.
19:26 of 2nd period - Shot by Pierre Engvall.
19:26 of 2nd period - Stopped by Juuse Saros without a rebound.
19:27 of 2nd period - Dylan Cozens wins face-off versus Kent Johnson in SALEM BLACK JAYS zone.
19:33 of 2nd period - Joshua Morrissey is hit by Thomas Hickey and loses puck.
19:52 of 2nd period - Shot by Dylan Cozens.
19:52 of 2nd period - Stopped by Robin Lehner without a rebound.
19:53 of 2nd period - Sam Bennett wins face-off versus Martin Necas in ANAHEIM OUTLAWS zone.
Goals for this period are 1 for SALEM BLACK JAYS vs 2 for ANAHEIM OUTLAWS.
Shots for this period are 12 for SALEM BLACK JAYS vs 13 for ANAHEIM OUTLAWS.

3rd period


0:01 of 3rd period - Sam Bennett wins face-off versus Mathew Barzal in neutral zone.
1:20 of 3rd period - Noah Hanifin is hit by Evgeny Dadonov and loses puck.
1:33 of 3rd period - Shot by Adrian Kempe.
1:33 of 3rd period - Shot Blocked by Martin Necas.
1:39 of 3rd period - Shot by Evgeny Kuznetsov.
1:39 of 3rd period - Goal by Evgeny Kuznetsov - SALEM BLACK JAYS : 2 - ANAHEIM OUTLAWS : 4.
1:39 of 3rd period - Anthony Stolarz enters game.
1:40 of 3rd period - Theodor Blueger wins face-off versus Pius Suter in neutral zone.
2:02 of 3rd period - Icing by Dylan Coghlan.
2:03 of 3rd period - Dylan Cozens wins face-off versus Pius Suter in ANAHEIM OUTLAWS zone.
2:06 of 3rd period - Shot by Daniel Sprong.
2:06 of 3rd period - Shot Misses the Net.
2:30 of 3rd period - Shot by Pierre Engvall.
2:30 of 3rd period - Stopped by Anthony Stolarz without a rebound.
2:31 of 3rd period - Sam Bennett wins face-off versus Evgeny Dadonov in SALEM BLACK JAYS zone.
2:41 of 3rd period - Shot by Evgeny Dadonov.
2:41 of 3rd period - Stopped by Robin Lehner with a rebound.
2:59 of 3rd period - Joshua Morrissey is hit by Michael Bunting and loses puck.
4:04 of 3rd period - Shot by Kevin Fiala.
4:04 of 3rd period - Shot Hit the Post.
4:06 of 3rd period - Shot by Adrian Kempe.
4:06 of 3rd period - Shot Misses the Net.
4:08 of 3rd period - Shot by Kevin Fiala.
4:08 of 3rd period - Stopped by Anthony Stolarz without a rebound.
4:09 of 3rd period - Theodor Blueger wins face-off versus Michael Rasmussen in SALEM BLACK JAYS zone.
4:17 of 3rd period - Minor Penalty to Dylan Coghlan for Hooking.
4:18 of 3rd period - Troy Terry wins face-off versus Kevin Fiala in ANAHEIM OUTLAWS zone.
4:52 of 3rd period - Shot by Michael Del Zotto.
4:52 of 3rd period - Shot Blocked by Drew Doughty.
4:54 of 3rd period - Shot by Evgeny Dadonov.
4:54 of 3rd period - Shot Misses the Net.
4:56 of 3rd period - Shot by Mathew Barzal.
4:56 of 3rd period - Stopped by Robin Lehner without a rebound.
4:57 of 3rd period - Dylan Larkin wins face-off versus Kevin Fiala in ANAHEIM OUTLAWS zone.
5:10 of 3rd period - Shot by Mitchell Marner.
5:10 of 3rd period - Stopped by Robin Lehner without a rebound.
5:11 of 3rd period - Kevin Fiala wins face-off versus Mitchell Marner in ANAHEIM OUTLAWS zone.
5:28 of 3rd period - Shot by Dylan Larkin.
5:28 of 3rd period - Stopped by Robin Lehner without a rebound.
5:29 of 3rd period - Sam Bennett wins face-off versus Mathew Barzal in ANAHEIM OUTLAWS zone.
5:41 of 3rd period - Shot by Urho Vaakanainen.
5:41 of 3rd period - Shot Misses the Net.
5:47 of 3rd period - Shot by Troy Terry.
5:47 of 3rd period - Deflect By Mathew Barzal.
5:47 of 3rd period - Stopped by Robin Lehner without a rebound.
5:48 of 3rd period - Sam Bennett wins face-off versus Dylan Larkin in ANAHEIM OUTLAWS zone.
5:48 of 3rd period - Sam Bennett is hit by Dylan Larkin.
6:11 of 3rd period - Sam Bennett is hit by Mitchell Marner.
6:39 of 3rd period - Shot by Pierre Engvall.
6:39 of 3rd period - Stopped by Anthony Stolarz with a rebound.
6:41 of 3rd period - Shot by Dylan Coghlan.
6:41 of 3rd period - Shot Misses the Net.
6:43 of 3rd period - Shot by Pierre Engvall.
6:43 of 3rd period - Shot Misses the Net.
6:49 of 3rd period - Shot by Jack Quinn.
6:49 of 3rd period - Shot Misses the Net.
6:53 of 3rd period - Shot by Pierre Engvall.
6:53 of 3rd period - Stopped by Anthony Stolarz with a rebound.
8:26 of 3rd period - Shot by Kevin Fiala.
8:26 of 3rd period - Shot Misses the Net.
8:28 of 3rd period - Shot by Adrian Kempe.
8:28 of 3rd period - Shot Misses the Net.
9:00 of 3rd period - Shot by Jeff Skinner.
9:00 of 3rd period - Shot Blocked by Joshua Morrissey.
9:02 of 3rd period - Shot by Michael Bunting.
9:02 of 3rd period - Stopped by Anthony Stolarz without a rebound.
9:03 of 3rd period - Mathew Barzal wins face-off versus Sam Bennett in SALEM BLACK JAYS zone.
9:03 of 3rd period - Mathew Barzal is hit by Sam Bennett.
9:09 of 3rd period - Sam Bennett is hit by Mikko Rantanen.
9:41 of 3rd period - Shot by Mikko Rantanen.
9:41 of 3rd period - Stopped by Robin Lehner without a rebound.
9:42 of 3rd period - Pius Suter wins face-off versus Daniel Sprong in ANAHEIM OUTLAWS zone.
10:58 of 3rd period - Shot by Kevin Fiala.
10:58 of 3rd period - Stopped by Anthony Stolarz without a rebound.
10:59 of 3rd period - Evgeny Kuznetsov wins face-off versus Dylan Larkin in SALEM BLACK JAYS zone.
11:42 of 3rd period - Icing by Noah Hanifin.
11:43 of 3rd period - Evgeny Kuznetsov wins face-off versus Theodor Blueger in ANAHEIM OUTLAWS zone.
11:43 of 3rd period - Evgeny Kuznetsov is hit by Theodor Blueger.
11:59 of 3rd period - Icing by Brian Boyle.
12:00 of 3rd period - Theodor Blueger wins face-off versus Sam Bennett in SALEM BLACK JAYS zone.
12:23 of 3rd period - Shot by Michael Bunting.
12:23 of 3rd period - Stopped by Anthony Stolarz without a rebound.
12:24 of 3rd period - Pius Suter wins face-off versus Mathew Barzal in SALEM BLACK JAYS zone.
12:31 of 3rd period - Shot by Pierre Engvall.
12:31 of 3rd period - Shot Misses the Net.
12:33 of 3rd period - Shot by Dylan Coghlan.
12:33 of 3rd period - Deflect By Jack Quinn.
12:33 of 3rd period - Shot Blocked by Urho Vaakanainen.
12:35 of 3rd period - Shot by Thomas Hickey.
12:35 of 3rd period - Shot Misses the Net.
12:37 of 3rd period - Shot by Pierre Engvall.
12:37 of 3rd period - Stopped by Anthony Stolarz without a rebound.
12:38 of 3rd period - Dylan Larkin wins face-off versus Sam Bennett in SALEM BLACK JAYS zone.
12:38 of 3rd period - Dylan Larkin is hit by Sam Bennett.
12:55 of 3rd period - Shot by Sam Bennett.
12:55 of 3rd period - Stopped by Anthony Stolarz without a rebound.
12:56 of 3rd period - Evgeny Kuznetsov wins face-off versus Mathew Barzal in SALEM BLACK JAYS zone.
13:09 of 3rd period - Shot by Kevin Fiala.
13:09 of 3rd period - Shot Misses the Net.
13:18 of 3rd period - Mikko Rantanen is hit by Evgeny Kuznetsov and loses puck.
15:39 of 3rd period - Icing by Theodor Blueger.
15:40 of 3rd period - Theodor Blueger wins face-off versus Pius Suter in SALEM BLACK JAYS zone.
15:45 of 3rd period - Shot by Jack Quinn.
15:45 of 3rd period - Shot Blocked by Urho Vaakanainen.
15:47 of 3rd period - Shot by Pius Suter.
15:47 of 3rd period - Stopped by Anthony Stolarz with a rebound.
15:49 of 3rd period - Shot by Pierre Engvall.
15:49 of 3rd period - Shot Misses the Net.
16:00 of 3rd period - Shot by Pierre Engvall.
16:00 of 3rd period - Goal by Pierre Engvall - SALEM BLACK JAYS : 2 - ANAHEIM OUTLAWS : 5.
16:01 of 3rd period - Dylan Cozens wins face-off versus Michael Rasmussen in neutral zone.
16:22 of 3rd period - Shot by Daniel Sprong.
16:22 of 3rd period - Stopped by Robin Lehner without a rebound.
16:23 of 3rd period - Dylan Larkin wins face-off versus Evgeny Kuznetsov in ANAHEIM OUTLAWS zone.
16:26 of 3rd period - Shot by Evgeny Dadonov.
16:26 of 3rd period - Stopped by Robin Lehner without a rebound.
16:27 of 3rd period - Martin Necas wins face-off versus Evgeny Kuznetsov in ANAHEIM OUTLAWS zone.
16:40 of 3rd period - Shot by Evgeny Dadonov.
16:40 of 3rd period - Shot Blocked by Thomas Hickey.
16:48 of 3rd period - Martin Necas is hit by Evgeny Kuznetsov and loses puck.
17:34 of 3rd period - Icing by Drew Doughty.
17:35 of 3rd period - Pius Suter wins face-off versus Mathew Barzal in ANAHEIM OUTLAWS zone.
17:35 of 3rd period - Pius Suter is hit by Mitchell Marner.
18:52 of 3rd period - Shot by Troy Terry.
18:52 of 3rd period - Stopped by Robin Lehner without a rebound.
18:53 of 3rd period - Evgeny Kuznetsov wins face-off versus Dylan Cozens in ANAHEIM OUTLAWS zone.
19:22 of 3rd period - Icing by Adrian Kempe.
19:23 of 3rd period - Dylan Larkin wins face-off versus Evgeny Kuznetsov in ANAHEIM OUTLAWS zone.
19:24 of 3rd period - Shot by Martin Necas.
19:24 of 3rd period - Stopped by Robin Lehner without a rebound.
19:25 of 3rd period - Dylan Larkin wins face-off versus Sam Bennett in ANAHEIM OUTLAWS zone.
19:25 of 3rd period - Dylan Larkin is hit by Henri Jokiharju.
Goals for this period are 0 for SALEM BLACK JAYS vs 2 for ANAHEIM OUTLAWS.
Shots for this period are 10 for SALEM BLACK JAYS vs 12 for ANAHEIM OUTLAWS.


DARCY
KUEMPER
JAKE
OETTINGER
NINO
NIEDERREITER

EAST COAST

HOCKEY LEAGUE

  • 1.CHI2QUE4
  • 2.LIM2CHA3
  • 3.LON3TRV5
  • 4.BAL5CHW6
  • 5.MANPIT
  • 6.NHWATL
  • 7.PETWOR
  • 8.RHI